AoeStats
← Bazz

Arabia

510523907Analyzed
1v1 RM · 1d ago on Oct 1, 2026· 62m 21s· 2 players
Game mode
Random Map
Map size
Tiny (2 player)
Population
200
Speed
Normal
Resources
Standard
Victory
Conquest
Starting age
Dark Age
Ending age
Imperial Age
RankedLock teamsTeams togetherTeam positionsShared explorationLock speedFull tech treeHidden civsTurbo modeCheats
Victory
Defeat
🇦🇺 Byzantines · Australia
953
+15
🇩🇪 Mapuche · Germany
941
-15
gephymapasa
10:06 Feudal Age
8:25 Loom
10:55 Champi Runner
11:20 Arson
13:08 Double-Bit Axe
13:36 Horse Collar
19:40 Castle Age
18:57 Gold Mining
19:33 Stone Mining
26:32 Wheelbarrow
26:19 Pikeman
27:10 Town Watch
27:46 Forging
27:38 Scale Mail Armor
29:02 Hand Cart
28:48 Town Patrol
29:09 Bow Saw
31:16 Iron Casting
31:00 Chain Mail Armor
30:36 Fletching
31:06 Padded Archer Armor
31:00 Champi Warrior
33:09 Heavy Plow
33:37 Bodkin Arrow
37:22 Gold Shaft Mining
37:25 Stone Shaft Mining
37:57 Murder Holes
42:05 Imperial Age
43:56 Blast Furnace
43:26 Plate Mail Armor
43:38 Leather Archer Armor
42:50 Elite Bolas Rider
43:43 Elite Skirmisher
44:16 Elite Champi Warrior
45:46 Halberdier
52:19 Chemistry
52:51 Crop Rotation
55:25 Malon
56:01 Hoardings
55:32 Butalmapu
55:48 Conscription
54:58 Sappers
56:10 Masonry
56:21 Ballistics
57:47 Hoardings
Bazz
6:43 Loom
9:50 Feudal Age
11:48 Forging
16:09 Fletching
18:01 Double-Bit Axe
19:35 Wheelbarrow
23:38 Castle Age
28:00 Imperial Age
25:48 Husbandry
25:55 Scale Barding Armor
25:39 Horse Collar
30:08 Chemistry
32:22 Bodkin Arrow
32:27 Padded Archer Armor
33:03 Iron Casting
34:14 Bracer
34:30 Leather Archer Armor
35:15 Chain Barding Armor
36:02 Ballistics
37:19 Ring Archer Armor
39:07 Thumb Ring
40:02 Light Cavalry
44:26 Elite Cataphract
45:28 Conscription
46:45 Hussar
49:12 Plate Barding Armor
51:29 Hand Cart
54:40 Logistica
Connection lost

Rejoining the realm…

Still unreachable

The connection could not be restored.

Session expired

The server has moved on; the page needs a fresh start.